 Dungeon Crawl Stone Soup version 0.28-a0-1594-ga885d4b3d6 (webtiles) character file.

Game seed: 278043645424040815

16 willcat the Ducker (level 2, -11/14 HPs)
             Began as a Felid Monk on Jan 21, 2022.
             Killed by nerve-wracking pain
             ... invoked by Jessica
              (14 damage)
             ... on level 2 of the Dungeon.
             The game lasted 00:00:57 (639 turns).

willcat the Ducker (Felid Monk)                      Turns: 639, Time: 00:00:59

Health: -11/14     AC:  0    Str:  7    XL:     2   Next: 41%
Magic:  4/4        EV: 38    Int: 11    God:
Gold:   11         SH:  0    Dex: 23    Spells: 2/2 levels left
                                        Lives:  0   Deaths: 0

rFire   . . .      SeeInvis +     - Unarmed
rCold   . . .      Faith    .   (shield unavailable)
rNeg    . . .      Spirit   .   (armour unavailable)
rPois   .          Reflect  .   (helmet unavailable)
rElec   .          Harm     .   (cloak unavailable)
rCorr   .          Rampage  .   (gloves unavailable)
Will    .....                   (boots unavailable)
Stlth   +++.......              a - amulet of the acrobat
HPRegen 0.04/turn               (ring currently unavailable)
MPRegen 0.09/turn               (ring currently unavailable)

@: bat-form, acrobatic, flying, very quick
A: fast, flying, no casting, tiny, (claws 1), (fangs 3), see invisible, (speed
1), (shaggy fur 1), (stealthy paws), no weapons or thrown items, no armour,
multi-lived
a: no special abilities


You were on level 2 of the Dungeon.
You were a bat.
You visited 1 branch of the dungeon, and saw 2 of its levels.

You collected 11 gold pieces.

Inventory:

Hand Weapons
 c - the +9 whip of Karma {flame, rC+ Str+3}
   (You found it on level 2 of the Dungeon)

   It burns those it strikes, dealing additional fire damage.
   Str:       It affects your strength (+3).
   rC:        It protects you from cold.
Jewellery
 a - an amulet of the acrobat (around neck)
Scrolls
 b - a scroll of identify {unknown}


   Skills:
 - Level 3.0 Fighting
 + Level 4.3 Dodging
 + Level 3.2 Stealth
 + Level 3.2 Unarmed Combat
 + Level 0.7 Spellcasting


You had 2 spell levels left.
You didn't know any spells.
Your spell library was empty.

Dungeon Overview and Level Annotations

Branches:
Dungeon (1/15)

Altars:

Annotations:
D:2 Jessica


Innate Abilities, Weirdness & Mutations

You are a bat.
You are tiny and dextrous.
You move quickly.
You are flying.
You cannot cast spells.
((You have sharp claws.))
((You have razor-sharp teeth.))
You have supernaturally acute eyesight. (SInv)
((You cover ground quickly. (Speed+)))
((You are covered in fur. (AC +1)))
((Your paws help you pounce on unaware monsters.))
You are incapable of wielding weapons or throwing items.
You cannot wear armour.
You gain extra lives every three experience levels.


Message History

An endoplasm comes into view.
You pounce on the unaware helpless endoplasm!
You mangle the endoplasm!!
You kill the endoplasm!
Found a stone staircase leading down.
No target in view!
There is a stone staircase leading down here.
You see here 9 stones.
Jessica the Apprentice Sorceress comes into view.
She is wielding a +0 dagger and carrying a wand of polymorph (10).
Found a scroll labelled MIOFUR YQOERPH.
Found a stone staircase leading down.
Jessica shouts!
Jessica is nearby!
Jessica is nearby!
Jessica mumbles some strange words.
Jessica blinks!
Jessica is nearby!
You completely miss Jessica. Your bite misses Jessica.
Jessica points at you and mumbles some strange words.
Pain shoots through your body!
Ouch! That really hurt!
* * * LOW HITPOINT WARNING * * *
You are too injured to fight recklessly!
You are too injured to fight recklessly!
You scratch Jessica.
Jessica is heavily wounded.
Jessica closely misses you.
Jessica shouts, "You're disturbing me!
I'll have to kill you!"
Jessica zaps a wand.
You resist with some effort. Jessica says, "Why did you come here?"
Jessica says, "Why did you come here?"
Jessica zaps a wand.
You turn into a bat.
A ball python comes into view.
Jessica gestures wildly while chanting.
Jessica blinks!
The ball python hisses angrily.
Jessica casts a spell at you. Pain shoots through your body!
Ouch! That really hurt!
You die...

..........### #.#
##..........####.#
#.#.............#
#........(.###########
#.......#######......#
####.###.# #......#
...).###.##
#.##.#S##.#
#######...#
#.##......# #...#
#.##b###### #...#
#.##.# #...# #.##.#
####...###..>.#
........@....#@#
..................
..........!..#.....
#####...######.##.#
#...# # #


You could see Jessica and a ball python.

Vanquished Creatures
  An adder (D:2)
  An orc (D:2)
  An endoplasm (D:2)
  2 hobgoblins
  A frilled lizard (D:1)
  A rat (D:1)
7 creatures vanquished.

Notes
Turn   | Place    | Note
-------+----------+-------------------------------------------
     0 | D:1      | willcat the Felid Monk began the quest for the Orb.
     0 | D:1      | Reached XP level 1. HP: 10/10 MP: 2/2
   278 | D:1      | You fall into a shaft and drop 1 floor!
   291 | D:2      | Reached XP level 2. HP: 5/14 MP: 3/3
   303 | D:2      | Identified the +9 whip of Karma {flame, rC+ Str+3}
   619 | D:2      | Noticed Jessica
   639 | D:2      | Killed from afar by Jessica

Illustrated notes

Levels and vault maps discovered:
D:1:      amcnicky_arrival_gap_in_the_tavern_cellar, layout_basic,
          patterned_corridor
D:2:      layout_loops_cross, dreamdust_ecumenical_altar_grove,
          chequers_hall_statues_wall_a, uniq_jessica

Skill      XL: |  1 |
---------------+----+-----
Stealth        | 3 |  3.2
Fighting       | |  3.0
Dodging        | |  4.3
Unarmed Combat | |  3.2
Spellcasting   | |  0.7

Action                   || total
-------------------------++-------
Melee: Unarmed           ||    15
       Bite              ||     1
 Stab: Sleeping          ||     3
Armor: Skin              ||     1
Dodge: Dodged            ||     3

Table legend: (Time is in decaauts)
 A = Elapsed time spent in this place.
 B = Non-inter-level travel time spent in this place.
 C = Inter-level travel time spent in this place.
 D = Time resting spent in this place.
 E = Time spent auto-exploring this place.
 F = Levels seen in this place.
 G = Mean time per level.
                   A        B        C        D        E       F      G
               +--------+--------+--------+--------+--------+-----+--------+
         Total |    559 |    559 |      0 |      0 |    488 |   2 |  279.5 |
       Dungeon |    559 |    559 |      0 |      0 |    488 |   2 |  279.5 |
               +--------+--------+--------+--------+--------+-----+--------+

Top non-repeatable levels by time:
     D:2: 335 daAuts
     D:1: 224 daAuts
